[ AOE2 MATCH · #493802596 ]
UnrankedFranks vs Shu
Player's team · LOSS
Rival team · WIN
[ REPLAY ANALYSIS · EXTRACTED FROM THE RECORDED GAME ]
Feudal
9:18
Castle
—
Imperial
—
| APM avg | 50.5 |
| APM peak | 87 |
| eAPM avg | 21.4 |
| Villagers / military | 38 / 10 |
Focus
⚔️ 17.4% · 🌾 82.6%
Scout Cavalry ×9 · Archer ×1
Feudal
10:11
Castle
14:22
Imperial
—
| APM avg | 48.3 |
| APM peak | 82 |
| eAPM avg | 18.1 |
| Villagers / military | 24 / 1 |
Focus
⚔️ 24.4% · 🌾 75.6%
Unknown (1962) ×2 · Battering Ram ×1
Match map
Initial resources + every placement click. Lines = walls · curves = elevation contours. ◆ gold · ⬟ stone · ● berries · ✦ relic · ◌ wall gap
Your base· Open — unwalled flank
BuhoBit's base· Open — unwalled flank
Smoothed initial terrain · ◌ = detected wall gap · hover for details
Inputs per minute
— Feanor - - BuhoBit
Build order — Feanor
96 actions detected in the replay
| 0:00 | Create | Villager (Male) |
| 0:00 | Create | Villager (Male) |
| 0:01 | Build | House |
| 0:02 | Build | House |
| 0:03 | Create | Villager (Male) |
| 0:03 | Create | Villager (Male) |
| 1:34 | Create | Villager (Male) |
| 1:59 | Create | Villager (Male) |
| 2:23 | Build | Lumber Camp |
| 2:23 | Create | Villager (Male) |
| 2:44 | Create | Villager (Male) |
| 3:11 | Create | Villager (Male) |
| 3:13 | Create | Villager (Male) |
| 3:40 | Build | House |
| 4:05 | Create | Villager (Male) |
| 4:20 | Create | Villager (Male) |
| 4:30 | Build | Mill |
| 4:31 | Create | Villager (Male) |
| 4:56 | Research | Loom |
| 5:17 | Create | Villager (Male) |
| 5:18 | Create | Villager (Male) |
| 5:19 | Research | Loom |
| 5:25 | Create | Villager (Male) |
| 5:25 | Research | Loom |
| 7:08 | Research | Feudal Age |
| 7:23 | Build | Lumber Camp |
| 8:16 | Build | Barracks |
| 8:28 | Build | House |
| 8:32 | Build | House |
| 8:37 | Create | Villager (Male) |
| 9:18 | Age | Feudal Age |
| 9:23 | Build | Stable |
| 9:26 | Research | Double-Bit Axe |
| 9:33 | Create | Villager (Male) |
| 9:46 | Build | Farm |
| 9:50 | Create | Villager (Male) |
| 10:11 | Build | Farm |
| 10:11 | Create | Scout Cavalry |
| 10:11 | Create | Scout Cavalry |
| 10:11 | Create | Scout Cavalry |
| 10:19 | Build | Farm |
| 10:26 | Create | Villager (Male) |
| 10:28 | Build | Farm |
| 10:40 | Build | House |
| 10:43 | Build | House |
| 10:45 | Create | Scout Cavalry |
| 10:56 | Create | Villager (Male) |
| 10:58 | Build | Farm |
| 11:07 | Create | Villager (Male) |
| 11:08 | Build | Farm |
| 11:17 | Build | House |
| 11:18 | Build | Palisade Wall |
| 11:33 | Create | Scout Cavalry |
| 11:40 | Build | Palisade Gate |
| 11:42 | Build | Palisade Wall |
| 11:48 | Create | Villager (Male) |
| 11:49 | Build | Farm |
| 11:55 | Build | House |
| 12:02 | Create | Scout Cavalry |
| 12:14 | Create | Villager (Male) |
| 12:15 | Build | Farm |
| 12:37 | Create | Villager (Male) |
| 12:39 | Build | Farm |
| 12:49 | Create | Villager (Male) |
| 13:09 | Create | Villager (Male) |
| 13:20 | Build | Blacksmith |
| 13:31 | Create | Villager (Male) |
| 13:37 | Build | Watch Tower |
| 13:39 | Create | Villager (Male) |
| 13:40 | Create | Scout Cavalry |
| 13:44 | Build | Archery Range |
| 13:50 | Create | Villager (Male) |
| 14:23 | Build | Mining Camp |
| 14:45 | Research | Forging |
| 14:47 | Create | Scout Cavalry |
| 15:05 | Create | Archer |
| 15:07 | Build | House |
| 15:12 | Create | Villager (Male) |
| 15:45 | Create | Scout Cavalry |
| 15:49 | Create | Villager (Male) |
| 15:50 | Build | Farm |
| 15:50 | Build | Farm |
| 16:19 | Create | Villager (Male) |
| 16:20 | Create | Villager (Male) |
| 16:20 | Build | Farm |
| 16:21 | Build | Farm |
| 16:32 | Create | Villager (Male) |
| 16:34 | Build | Farm |
| 16:37 | Build | House |
| 16:38 | Build | Palisade Wall |
| 16:49 | Create | Villager (Male) |
| 16:51 | Build | Farm |
| 17:14 | Create | Villager (Male) |
| 17:15 | Build | Farm |
| 17:19 | Build | Mining Camp |
| 17:22 | Create | Villager (Male) |
Build order — BuhoBit
59 actions detected in the replay
| 0:00 | Create | Villager (Male) ×4 |
| 0:02 | Build | House |
| 0:03 | Build | House |
| 1:36 | Create | Villager (Male) |
| 2:03 | Build | Lumber Camp |
| 2:03 | Create | Villager (Male) |
| 2:03 | Create | Villager (Male) |
| 2:28 | Create | Villager (Male) |
| 2:56 | Create | Villager (Male) |
| 3:25 | Create | Villager (Male) |
| 3:47 | Create | Villager (Male) |
| 3:58 | Build | House |
| 4:03 | Build | House |
| 4:07 | Create | Villager (Male) |
| 4:08 | Create | Villager (Male) |
| 5:01 | Create | Villager (Male) |
| 5:01 | Create | Villager (Male) |
| 5:01 | Create | Villager (Male) |
| 5:16 | Build | Mill |
| 5:17 | Create | Villager (Male) |
| 5:25 | Create | Villager (Male) |
| 5:25 | Create | Villager (Male) |
| 5:46 | Create | Villager (Male) |
| 5:47 | Create | Villager (Male) |
| 5:47 | Create | Villager (Male) |
| 7:08 | Research | Loom |
| 7:48 | Research | Feudal Age |
| 7:52 | Build | Mill |
| 8:47 | Build | House |
| 9:51 | Create | Villager (Male) |
| 10:11 | Age | Feudal Age |
| 10:15 | Build | Market |
| 10:25 | Create | Villager (Male) |
| 10:51 | Build | Blacksmith |
| 11:16 | Build | Palisade Wall |
| 11:17 | Build | Palisade Wall |
| 11:20 | Build | Palisade Wall |
| 11:42 | Research | Castle Age |
| 11:49 | Build | Mining Camp |
| 12:09 | Build | Palisade Wall |
| 12:36 | Build | Palisade Wall |
| 12:38 | Build | Palisade Wall |
| 12:43 | Build | Palisade Wall |
| 13:10 | Build | Palisade Wall |
| 13:25 | Build | Palisade Wall |
| 13:27 | Build | Palisade Wall |
| 13:46 | Build | Palisade Wall |
| 14:05 | Build | Palisade Wall |
| 14:07 | Build | Palisade Wall |
| 14:09 | Build | Palisade Wall |
| 14:10 | Build | Palisade Wall |
| 14:22 | Age | Castle Age |
| 14:25 | Build | Siege Workshop |
| 14:42 | Create | Unit 1962 |
| 14:48 | Build | Farm |
| 15:16 | Build | Farm |
| 15:19 | Build | Farm |
| 15:41 | Create | Unit 1962 |
| 16:26 | Create | Battering Ram |
Match timeline
| 8:16 | Feanor · first_building Barracks |
| 9:18 | Feanor · age_up feudal |
| 9:23 | Feanor · first_building Stable |
| 10:11 | BuhoBit · age_up feudal |
| 11:16 | BuhoBit · wall_segment Palisade Wall x1 |
| 11:17 | BuhoBit · wall_segment Palisade Wall x1 |
| 11:18 | Feanor · wall_segment Palisade Wall x1 |
| 11:20 | BuhoBit · wall_segment Palisade Wall x1 |
| 11:35 | BuhoBit · first_market_sell 100 stone |
| 11:42 | Feanor · wall_segment Palisade Wall x1 |
| 12:09 | BuhoBit · wall_segment Palisade Wall x1 |
| 12:36 | BuhoBit · wall_segment Palisade Wall x1 |
| 12:38 | BuhoBit · wall_segment Palisade Wall x1 |
| 12:43 | BuhoBit · wall_segment Palisade Wall x1 |
| 13:10 | BuhoBit · wall_segment Palisade Wall x1 |
| 13:25 | BuhoBit · wall_segment Palisade Wall x1 |
| 13:27 | BuhoBit · wall_segment Palisade Wall x1 |
| 13:44 | Feanor · first_building Archery Range |
| 13:46 | BuhoBit · wall_segment Palisade Wall x1 |
| 14:05 | BuhoBit · wall_segment Palisade Wall x1 |
| 14:07 | BuhoBit · wall_segment Palisade Wall x1 |
| 14:09 | BuhoBit · wall_segment Palisade Wall x1 |
| 14:10 | BuhoBit · wall_segment Palisade Wall x1 |
| 14:22 | BuhoBit · age_up castle |
| 14:25 | BuhoBit · first_building Siege Workshop |
| 16:38 | Feanor · wall_segment Palisade Wall x7 |
| 17:31 | Feanor · resign |
[ AI ANALYSIS · 1 CREDIT ]
What really happened in this match?
Wolo.gg analyzes every decision: build order, eco, micro, common mistakes by bracket. Personalized analysis on WhatsApp or Discord in 30 seconds.
Civ guide
Franks
Perfil
Feanor